 Dungeon Crawl Stone Soup version 0.20-a0-772-g73021bd (webtiles) character file.

34 M4edhros the Poker (level 3, -1/29 HPs)
             Began as a Mummy Chaos Knight on Feb 27, 2017.
             Slain by an iguana (9 damage)
             ... on level 3 of the Dungeon.
             The game lasted 00:00:25 (305 turns).

M4edhros the Poker (Mummy Chaos Knight)              Turns: 305, Time: 00:00:25

Health: -1/29      AC:  6    Str: 15    XL:     3   Next: 14%
Magic:  3/3        EV: 11    Int: 11    God:    Xom [...*..]
Gold:   0          SH:  0    Dex: 16    Spells: 2/2 levels left

rFire    x . .     SeeInvis .   a - +0 spear (chaos)
rCold    + . .     Gourm    .   b - +2 leather armour
rNeg     + + +     Faith    .   (no shield)
rPois    ∞         Spirit   .   (no helmet)
rElec    .         Reflect  .   (no cloak)
rCorr    .         Harm     .   d - +0 pair of gloves
MR       .....                  (no boots)
Stlth    +.........             (no amulet)
Regen    0.1/turn               (no ring)
MPRegen  0.1/turn               c - +4 ring of dexterity

@: no status effects
A: no food or potions, fire vulnerability, cold resistance 1, negative energy
resistance 3, torment resistance, unbreathing
a: Renounce Religion


You were on level 3 of the Dungeon.
You worshipped Xom.
You were a favourite toy of Xom.
You were not hungry.

You visited 1 branch of the dungeon, and saw 3 of its levels.

Inventory:

Hand Weapons
 a - a +0 spear of chaos (weapon)
Armour
 b - a +2 leather armour (worn)
 d - a +0 pair of gloves (worn)
Jewellery
 c - a +4 ring of dexterity (left hand)
Scrolls
 e - a scroll of recharging {unknown}


   Skills:
 - Level 3.0 Fighting
 + Level 3.5 Polearms
 - Level 1.5 Armour
 - Level 0.7 Dodging


You had 2 spell levels left.
You didn't know any spells.

Dungeon Overview and Level Annotations

Branches:
Dungeon (2/15)

Altars:


Innate Abilities, Weirdness & Mutations

You do not eat or drink.
Your flesh is vulnerable to fire.
You are immune to poison.
Your flesh is cold resistant. (rC+)
You are immune to negative energy. (rN+++)
You are immune to unholy pain and torment.
You can survive without breathing.


Message History

You hit something but do no damage.
Nothing appears to happen.
Unknown command.
Unknown command.
Something bites you. Something bites you but does no damage.
Something bites you.
Found a quarterstaff.
A bat comes into view.
Your ufetubus barely misses something. x2; Something bites you.
Your ufetubus closely misses something.
Your ufetubus misses something.
Your ufetubus disappears in a puff of smoke!
Your ufetubus completely misses something.
Your ufetubus closely misses something.
Something bites you but does no damage.
Your ufetubus barely misses something.
Your ufetubus closely misses something.
Found a stone staircase leading down.
Something bites you!
* * * LOW HITPOINT WARNING * * *
Something bites you!
You die... "Huh?
Did I miss anything?"

#.# .. #######.####.
............
.............b#..#
.......>...).......
....................
........##...........
.......@##...........
........##...........
.......5##............#
#######...............#
##...............#
...................#
....................#
#....................#
#........##.......##


You could see a friendly ufetubus.

Vanquished Creatures
  Terence (D:2)
  An ooze (D:3)
  A hobgoblin (D:1)
  A rat (D:2)
4 creatures vanquished.

Vanquished Creatures (collateral kills)
  A leopard gecko (shapeshifter) (D:3)
1 creature vanquished.

Grand Total: 5 creatures vanquished

Notes
Turn   | Place    | Note
-------+----------+-------------------------------------------
     0 | D:1      | M4edhros the Mummy Chaos Knight began the quest for the Orb.
     0 | D:1      | Reached XP level 1. HP: 18/18 MP: 1/1
    78 | D:2      | Noticed Terence
    84 | D:2      | XOM: butterfly on damage
    92 | D:2      | Killed Terence
    92 | D:2      | Reached XP level 2. HP: 11/24 MP: 2/2
   257 | D:2      | XOM: harmless Necr miscast
   266 | D:2      | You fall through a shaft!
   270 | D:3      | XOM: enchant monster (good)
   275 | D:3      | XOM: summons 2 friendly demons
   275 | D:3      | Reached XP level 3. HP: 29/29 MP: 3/3
   305 | D:3      | Slain by an iguana

Vault maps used:
D:1:      zaba_arrival_water, minmay_misc_feat_room
D:2:      uniq_robin, uniq_terence
D:3:      wad_woods_stonehenge, tso_oasis_becter

Skill      XL: |  1 |
---------------+----+-----
Polearms       | 3 |  3.5
Fighting       | |  3.0
Armour         | |  1.5
Dodging        | |  0.7

Action                   || total
-------------------------++-------
Melee: Spear             ||    35
 Stab: Petrified         ||     1
Armor: Leather armour    ||     7
Dodge: Dodged            ||     9
